[Event "*** Titled Tuesday Blitz"]
[Site "Chess.com"]
[Date "2020.02.04"]
[Round "4"]
[White "DonBroca"]
[Black "AdrianaNikolova"]
[Result "0-1"]
[WhiteElo "2161"]
[BlackElo "2372"]
[TimeControl "180+2"]
[EndTime "13:49:35 PST"]
[Termination "AdrianaNikolova won by resignation"]

1. e4 c6 2. d4 d5 3. Nc3 dxe4 4.
Nxe4 Nf6 5. Nxf6+ exf6 6. Bc4 Bd6 7. Nf3 O-O 8. O-O Nd7 9. b3 Re8 10. Bb2 Nf8 11. h3 Bf5 12. Nh4 Bd7 13. Bd3 Qc7 14. c4 Rad8 15. Qc2 Bc8 16. Rfe1 Bh2+ 17. Kh1 Bf4 18. Rad1 Rxe1+ 19. Rxe1 b6 20. Nf5 Bxf5 21. Bxf5 Qb7 22. Qe4 Bb8 23. Qf3 Qc7 24. g3 Qd6 25. Be4 Rc8 26. Rd1 c5 27. d5 Re8 28. Bc3 Qe7 29. Re1 Be5 30. Bd2 g6 31. Qd3 Qd7 32.
Kg2 Bd4 33. Bf4 f5 34. f3 fxe4 35. fxe4 Be5 36. Bh6 Qd6 37. Qf3 Qf6 38. Qe3 Bd4 39. Qe2 g5 40. Bxf8 Kxf8 41. Rf1 Qe5 42. Re1 Kg7 43. Qf3 Qf6 44. Qg4 Qf2+ 0-1

[Event "*** Titled Tuesday Blitz"]
[Site "Chess.com"]
[Date "2020.02.04"]
[Round "4"]
[White "Jahonas"]
[Black "DiamondCrusher22"]
[Result "1/2-1/2"]
[WhiteElo "2390"]
[BlackElo "2011"]
[TimeControl "180+2"]
[EndTime "13:49:37 PST"]
[Termination "Game drawn by repetition"]

1. e4 e5 2. Nf3 Nc6 3. Bc4 Nf6 4.
d3 Bc5 5. O-O d5 6. exd5 Nxd5 7.
h3 O-O 8. Nc3 Nxc3 9. bxc3 h6 10. Qe2 Qf6 11. Nd2 Bf5 12. Ne4 Bxe4 13. Qxe4 Na5 14.
Rb1 Nxc4 15. Qxc4 b6 16. Be3 Bxe3 17. fxe3 Qe6 18. Qxe6 fxe6 19. e4 Rf4 20. c4 Raf8 21.
a4 Rxf1+ 22. Rxf1 Rxf1+ 23. Kxf1 Kf7 24. Ke2 Ke7 25. Kd2 Kd6 26. c3 Kc5 27. Kc2 c6 28.
Kb3 a6 29. g3 b5 30. cxb5 cxb5 31. a5 Kd6 32. Kb4 Kc6 33. c4 bxc4 34. Kxc4 Kd6 35. Kb4 Kc6 36. Kc4 Kd6 37. Kb4 Kc6 38. Kc4 1/2-1/2

[Event "*** Titled Tuesday Blitz"]
[Site "Chess.com"]
[Date "2020.02.04"]
[Round "4"]
[White "kosya4ok"]
[Black "joppie2"]
[Result "1-0"]
[WhiteElo "2618"]
[BlackElo "2887"]
[TimeControl "180+2"]
[EndTime "13:49:39 PST"]
[Termination "kosya4ok won by checkmate"]

1. e4 d5 2. exd5 Qxd5 3. Nc3 Qe5+ 4. Be2 Bg4 5. d4 Bxe2 6. Ngxe2 Qa5 7. b4 Qb6 8. Nd5 Qd6 9. c4 e5 10. dxe5 Qd8 11.
Bg5 f6 12. exf6 gxf6 13. Bf4 Bd6 14. Nd4 Bxf4 15. Qh5+ Kd7 16. Qf5+ Ke8 17. Qe6+ Kf8 18. Qg4 Qd6 19. Ne6+ Kf7 20. Nexf4 Qe5+ 21. Kd2 Qd4+ 22.
Kc2 Qxc4+ 23. Kb2 Qd4+ 24. Kb3 Qe4 25. Rae1 h5 26. Qc8 Qh7 27. Qxc7+ Kf8 28. Ne6+ Ke8 29. Ng7+ Kf8 30. Re8# 1-0

[Event "*** Titled Tuesday Blitz"]
[Site "Chess.com"]
[Date "2020.02.04"]
[Round "4"]
[White "vladimirdamjanovic"]
[Black "TwentyHourADay"]
[Result "1-0"]
[WhiteElo "2636"]
[BlackElo "2250"]
[TimeControl "180+2"]
[EndTime "13:49:40 PST"]
[Termination "vladimirdamjanovic won by resignation"]

1. d4 Nf6 2. c4 e6 3. Nf3 d5 4. Nc3 Bb4 5. cxd5 exd5 6. Bg5 h6 7. Bxf6 Qxf6 8. Qa4+ Nc6 9. e3 O-O 10. Be2 Be6 11. O-O a6 12. Rfc1 Bd6 13. Qd1 Ne7 14. a3 Nf5 15. Na4 b6 16. Nc3 Nh4 17. Nxh4 Qxh4 18. g3 Qd8 19. Bf3 Be7 20. b4 Qd6 21.
Qb3 Rfd8 22. Ne2 Rac8 23. Qa4 b5 24. Qb3 c6 25. Rc3 Rc7 26. Rac1 Rdc8 27. Nf4 g5 28. Nd3 Qd8 29. Nc5 Bxc5 30. Rxc5 Qd6 31. Bg2 Kg7 32.
Qc2 f5 33. Bf1 f4 34. exf4 gxf4 35. a4 fxg3 36. hxg3 Bf7 37. axb5 axb5 38. Bxb5 Rb8 39. Bxc6 Rxb4 40. Qc3 Rc4 41. Rxc4 dxc4 42. d5+ Qf6 43. Qxc4 1-0

[Event "*** Titled Tuesday Blitz"]
[Site "Chess.com"]
[Date "2020.02.04"]
[Round "4"]
[White "lelya96"]
[Black "Snegokhod"]
[Result "0-1"]
[WhiteElo "2462"]
[BlackElo "2634"]
[TimeControl "180+2"]
[EndTime "13:49:43 PST"]
[Termination "Snegokhod won by resignation"]

1. e4 e5 2. Nf3 f6 3. d4 d5 4. Bd3 dxe4 5. Bxe4 f5 6. Nxe5 fxe4 7. Qh5+ g6 8. Nxg6 Nf6 9. Qe5+ Be7 10. Nxh8 Nc6 11. Qg5 Nxd4 12. O-O Nxc2 13. Nc3 Nxa1 14. Bf4 Nc2 15.
Rd1 Nd4 16. Be5 c5 17. Bxf6 Bxf6 18. Qg8+ Kd7 19. Qd5+ Kc7 20. Qxc5+ Kb8 21. Nf7 Qc7 22. Qd5 Be6 23. Qxe4 Bxf7 24. Nd5 Bxd5 25. Qxd5 a6 26. h3 Ka7 27. Qe4 Rd8 28. Qe3 Qb6 29. Rb1 Rd7 30.
b3 Re7 31. Qg3 0-1

[Event "*** Titled Tuesday Blitz"]
[Site "Chess.com"]
[Date "2020.02.04"]
[Round "4"]
[White "wolfje95"]
[Black "IMRosen"]
[Result "0-1"]
[WhiteElo "2373"]
[BlackElo "2546"]
[TimeControl "180+2"]
[EndTime "13:49:48 PST"]
[Termination "IMRosen won by checkmate"]

1. c4 e6 2. Nc3 d5 3. d4 Nf6 4. cxd5 exd5 5. Bg5 c6 6. e3 Bd6 7.
Bd3 h6 8. Bh4 O-O 9. Nge2 Re8 10.
Qc2 a5 11. O-O-O Na6 12. Bh7+ Kh8 13. Bf5 Nb4 14. Qb1 a4 15. Bxc8 Rxc8 16. Qf5 Be7 17. Kb1 a3 18. b3 Ne4 19. Nxe4 dxe4 20.
Bg3 Nd5 21. Qxe4 Qa5 22. Qc2 c5 23. Qd2 Nb4 24. d5 Bf6 25. d6 Red8 26. Nc3 c4 27. bxc4 Rxc4 28. Nd5 Qb5 29. Nc7 Rxc7 30. dxc7 Nd3+ 31.
Kc2 Qb2# 0-1

[Event "*** Titled Tuesday Blitz"]
[Site "Chess.com"]
[Date "2020.02.04"]
[Round "4"]
[White "MishkaFighter"]
[Black "chessdjw"]
[Result "1/2-1/2"]
[WhiteElo "2448"]
[BlackElo "2586"]
[TimeControl "180+2"]
[EndTime "13:49:49 PST"]
[Termination "Game drawn by repetition"]

1. d4 Nf6 2. c4 e6 3. Nf3 c5 4.
d5 b5 5. dxe6 fxe6 6. cxb5 a6 7.
bxa6 Bxa6 8. g3 d5 9. Bg2 Bd6 10. O-O Kf8 11. Nc3 Nc6 12. Re1 d4 13. Ng5 Qd7 14.
Nce4 h6 15. Nxf6 gxf6 16. Nxe6+ Qxe6 17. Bxc6 Rc8 18. Bg2 h5 19. Qa4 Bxe2 20. Qc2 Re8 21. Bf3 Bxf3 22. Rxe6 Rxe6 23. Bf4 Bxf4 24. Qf5 Re4 25. Qxf6+ Kg8 26. Qg6+ Kf8 27. Qf6+ Kg8 28. Qg6+ Kf8 29. Qf6+ 1/2-1/2

[Event "*** Titled Tuesday Blitz"]
[Site "Chess.com"]
[Date "2020.02.04"]
[Round "4"]
[White "pawnwonder"]
[Black "allvim"]
[Result "1-0"]
[WhiteElo "2144"]
[BlackElo "2412"]
[TimeControl "180+2"]
[EndTime "13:49:49 PST"]
[Termination "pawnwonder won by resignation"]

1. e4 e6 2. d3 d5 3. Nd2 Nf6 4. Ngf3 Be7 5. g3 O-O 6. Bg2 c5 7. O-O Nc6 8. e5 Nd7 9. Re1 b5 10. Nf1 Qb6 11. h4 Re8 12. N1h2 a5 13. Ng4 a4 14. a3 Nd4 15. Nxd4 cxd4 16. h5 Ba6 17. h6 g6 18. Bf4 Rac8 19. Rc1 b4 20. axb4 Qxb4 21.
Bd2 Qxb2 22. Rb1 Qxc2 23. Qe2 Bxd3 24. Qf3 Qxd2 25. Red1 Be4 26. Rxd2 Bxf3 27. Bxf3 Rc3 28. Bd1 a3 29. Rxd4 Bc5 30. Ra4 Rxg3+ 31. Kh2 Rc3 32. Rb7 f5 33. exf6 Bd6+ 34. Kg2 Ne5 35. Nxe5 Bxe5 36. f7+ Kf8 37. fxe8=Q+ Kxe8 38. Ra8+ 1-0

[Event "*** Titled Tuesday Blitz"]
[Site "Chess.com"]
[Date "2020.02.04"]
[Round "4"]
[White "zurzan"]
[Black "Fortitudine"]
[Result "0-1"]
[WhiteElo "1947"]
[BlackElo "2219"]
[TimeControl "180+2"]
[EndTime "13:49:52 PST"]
[Termination "Fortitudine won by resignation"]

1. f4 d5 2. Nf3 c6 3. g3 Nh6 4.
Bg2 g6 5. O-O Bg7 6. c3 O-O 7. d3 Nd7 8. h3 Nf5 9. Kh2 Nd6 10. Qe1 e5 11. e4 Nc5 12. fxe5 Nxd3 13.
Qe3 dxe4 14. exd6 exf3 15. Bxf3 Nxc1 16. Rxc1 Qxd6 17. Rd1 Qe6 18. Qf2 Qf6 19. Qg2 Bf5 20.
Nd2 Rfe8 21. Re1 Rxe1 22. Rxe1 h5 23. Ne4 Bxe4 24. Bxe4 Rd8 25. Re2 Bh6 26. Qf3 Qd6 27. Rf2 Rd7 28. Kg2 Kg7 29. h4 f5 30. Bc2 Re7 31.
Bb3 Re3 32. Qd1 Qxg3+ 33. Kf1 Qh3+ 34. Rg2 Rf3+ 35. Ke1 Qh1+ 36. Ke2 Qxg2+ 0-1

[Event "*** Titled Tuesday Blitz"]
[Site "Chess.com"]
[Date "2020.02.04"]
[Round "4"]
[White "secretsuperstar7"]
[Black "Megagigahiper3345"]
[Result "0-1"]
[WhiteElo "2222"]
[BlackElo "2324"]
[TimeControl "180+2"]
[EndTime "13:49:56 PST"]
[Termination "Megagigahiper3345 won by resignation"]

1. d4 d5 2. Nf3 Nf6 3. e3 g6 4. Bd3 Bg7 5. O-O O-O 6. b3 a5 7.
a3 a4 8. b4 Nbd7 9. Bb2 Nb6 10. Nbd2 Be6 11. Qe2 c6 12. c4 dxc4 13. Nxc4 Nxc4 14.
Bxc4 Bxc4 15. Qxc4 Qd5 16. Qc2 Ne4 17. Rfd1 e6 18. Nd2 Nd6 19. Rac1 f5 20. Nf3 Rfd8 21. Qe2 Ne4 22. Nd2 Nd6 23. Rc5 Qa2 24. Ra1 Qxb2 25. Qd1 Ne4 26. Rc2 Bxd4 27. Rxb2 Bxb2 28. Rb1 Rxd2 29.
Qe1 Rad8 30. f3 Nc3 31. Rxb2 Rxb2 32. h4 Rdd2 0-1

[Event "*** Titled Tuesday Blitz"]
[Site "Chess.com"]
[Date "2020.02.04"]
[Round "4"]
[White "Kira170"]
[Black "Zkid"]
[Result "0-1"]
[WhiteElo "2534"]
[BlackElo "2838"]
[TimeControl "180+2"]
[EndTime "13:49:57 PST"]
[Termination "Zkid won by resignation"]

1. d4 d5 2. c4 dxc4 3. Nf3 Nf6 4. Qa4+ c6 5. Qxc4 Bf5 6. g3 e6 7. Bg2 Be7 8. O-O O-O 9. Bf4 Nbd7 10. Qc1 Rc8 11. Nc3 c5 12. Rd1 cxd4 13. Nxd4 Be4 14. Nf3 Qb6 15. Be3 Qa6 16. Qd2 Bc6 17. Bd4 Nc5 18.
h3 Rfd8 19. Qe3 b6 20. b4 Na4 21. Nxa4 Bxa4 22. a3 Bxd1 23. Rxd1 Rc2 24. Bf1 Ra2 25.
Rd3 h6 26. Ne5 Nd5 27. Qf3 Bf6 28. Nc6 Re8 29. Bxf6 Nxf6 30. Kh2 Ra1 31. Bg2 Qa4 32. Qe3 Qc2 33. g4 Qb1 34. Qe5 Qg1+ 35. Kg3 Rf1 36. Qd4 Rxf2 0-1

[Event "*** Titled Tuesday Blitz"]
[Site "Chess.com"]
[Date "2020.02.04"]
[Round "4"]
[White "TheRigos"]
[Black "bsnsun"]
[Result "0-1"]
[WhiteElo "2542"]
[BlackElo "2421"]
[TimeControl "180+2"]
[EndTime "13:49:58 PST"]
[Termination "bsnsun won by resignation"]

1. e4 c5 2. Nf3 d6 3. d4 cxd4 4.
Nxd4 Nf6 5. Nc3 a6 6. Be3 e6 7. g4 h6 8. Rg1 g5 9. Qf3 Nbd7 10. h3 Ne5 11. Qg3 b5 12. f4 gxf4 13. Bxf4 b4 14. Bxe5 dxe5 15. Nc6 Qc7 16. O-O-O Qxc6 17.
Qxe5 Be7 18. Nb5 Kf8 19. g5 hxg5 20. Qxg5 Rg8 21. Qh6+ Ke8 22. Nd4 Qxe4 23. Rxg8+ Nxg8 24. Qg7 Qg6 25. Qh8 Bf6 26. Nc6 Bd7 27. Bd3 Qg5+ 28. Kb1 Bxh8 0-1

[Event "*** Titled Tuesday Blitz"]
[Site "Chess.com"]
[Date "2020.02.04"]
[Round "4"]
[White "KerryStead"]
[Black "2165149677570"]
[Result "0-1"]
[WhiteElo "2079"]
[BlackElo "2310"]
[TimeControl "180+2"]
[EndTime "13:50:01 PST"]
[Termination "2165149677570 won by checkmate"]

1. d4 Nf6 2. f3 d5 3. e4 dxe4 4. Nc3 c5 5. Bb5+ Bd7 6. dxc5 Qa5 7. Bxd7+ Nbxd7 8. a3 Qxc5 9. fxe4 e6 10. Nf3 Bd6 11. Qe2 Qb6 12. Nd1 Ng4 13. c3 O-O 14. Ne3 Nxe3 15. Bxe3 Bc5 16. Bxc5 Nxc5 17. O-O-O Rfd8 18.
Rxd8+ Rxd8 19. Rd1 Rxd1+ 20. Qxd1 Nxe4 21. Qd7 h6 22. Qe8+ Kh7 23. Qxf7 Qe3+ 24. Kc2 Qe2+ 25. Kb3 Nc5+ 26.
Kb4 b6 27. a4 Qxb2+ 28. Kc4 Qe2+ 29. Kd4 Qe4# 0-1

[Event "*** Titled Tuesday Blitz"]
[Site "Chess.com"]
[Date "2020.02.04"]
[Round "4"]
[White "MateSchmate"]
[Black "INLOVEWITHF"]
[Result "0-1"]
[WhiteElo "2486"]
[BlackElo "2341"]
[TimeControl "180+2"]
[EndTime "13:50:04 PST"]
[Termination "INLOVEWITHF won by checkmate"]

1. e4 e5 2. Nf3 Nc6 3. d4 exd4 4. Nxd4 Nf6 5. Nxc6 bxc6 6. e5 Qe7 7. Qe2 Nd5 8. c4 Ba6 9. Nd2 g6 10. Nf3 Qb4+ 11.
Qd2 Bxc4 12. a3 Qxd2+ 13. Bxd2 Bxf1 14. Rxf1 Bg7 15. O-O-O O-O 16. Rfe1 Rfe8 17. Bc3 Rab8 18. Kc2 Rb5 19. Nd4 Nxc3 20. bxc3 Rbxe5 21. Rxe5 Bxe5 22. Re1 Kf8 23. Nf3 Bf6 24. Rb1 Re2+ 25. Kd3 Rxf2 26.
Rb7 Rxg2 27. Rxc7 Ke7 28. Rxa7 g5 29. a4 g4 30. Ne1 Rxh2 31. a5 Bh4 32. Nc2 Bf2 33.
Ra8 g3 34. Ne3 g2 35. Nxg2 Rxg2 36. a6 Bc5 37. Kc4 Kd6 38. Rh8 Ra2 39. Rxh7 Ra4+ 40.
Kb3 Rxa6 41. Rxf7 Ke6 42. Rf1 d5 43. Kc2 Ra2+ 44. Kd3 Ra3 45. Re1+ Kd6 46. Kc2 d4 47. cxd4 Bxd4 48. Re8 c5 49. Kd2 Kd5 50. Rd8+ Kc4 51.
Kc2 Ra2+ 52. Kb1 Rg2 53. Ra8 Kc3 54. Ra3+ Kb4 55. Rf3 c4 56. Rf1 Kb3 57. Kc1 Ra2 58. Rf3+ Bc3 59. Kd1 Ra1+ 60. Ke2 Re1+ 61. Kf2 Re8 62.
Rf7 Bd4+ 63. Kf1 Kc2 64. Rb7 c3 65. Rc7 Kd3 66. Rd7 c2 67. Rc7 Bc3 68. Rd7+ Kc4 69. Rc7+ Kb3 70. Rb7+ Ka2 71. Ra7+ Kb1 72. Rb7+ Bb2 73.
Rc7 c1=Q+ 74. Rxc1+ Bxc1 75. Kf2 Kc2 76. Kf3 Kd3 77.
Kg4 Rf8 78. Kh4 Ke4 79. Kh5 Rg8 80. Kh4 Kf4 81. Kh5 Kf3 82. Kh4 Rh8# 0-1

[Event "*** Titled Tuesday Blitz"]
[Site "Chess.com"]
[Date "2020.02.04"]
[Round "4"]
[White "RojonR"]
[Black "ChEsper99"]
[Result "0-1"]
[WhiteElo "2400"]
[BlackElo "2034"]
[TimeControl "180+2"]
[EndTime "13:50:06 PST"]
[Termination "ChEsper99 won by resignation"]

1. e4 c5 2. Nf3 d6 3. Bb5+ Nd7 4. O-O a6 5. Bxd7+ Bxd7 6. Re1 e6 7. d4 cxd4 8. Qxd4 e5 9. Qd3 h6 10. c4 b5 11. Nc3 bxc4 12. Qxc4 Nf6 13. b4 Be7 14. Be3 O-O 15. Qd3 Be6 16. Nd2 d5 17. exd5 Nxd5 18.
Nxd5 Qxd5 19. Qxd5 Bxd5 20. Bc5 Bxc5 21. bxc5 f6 22.
a4 Rfc8 23. Rec1 Rab8 24. Nf1 Kf7 25. Ne3 Bb3 26. g4 a5 27. Rc3 Rb4 28. Ra3 Bxa4 29.
Nc4 Ke6 30. Nb6 Rb1+ 31. Kg2 Bc6+ 32. f3 Rd8 33. Rxa5 Rd2+ 34. Kh3 Rh1 0-1

[Event "*** Titled Tuesday Blitz"]
[Site "Chess.com"]
[Date "2020.02.04"]
[Round "4"]
[White "Andro2"]
[Black "Leonid_Starozhilov"]
[Result "0-1"]
[WhiteElo "2435"]
[BlackElo "2671"]
[TimeControl "180+2"]
[EndTime "13:50:08 PST"]
[Termination "Leonid_Starozhilov won by resignation"]

1. e4 g6 2. d4 Bg7 3. Nc3 d6 4.
f4 Nf6 5. Nf3 O-O 6. e5 dxe5 7.
fxe5 Nd5 8. Bc4 Nxc3 9. bxc3 c5 10. O-O Bg4 11. h3 Bxf3 12. Qxf3 Nc6 13. Bxf7+ Kh8 14. Rb1 cxd4 15. e6 dxc3 16. Rxb7 Nd4 17. Qe4 Nf5 18. Rd7 Qb6+ 19. Kh2 Qb5 20. Bf4 Qxf1 21.
Be5 Qf2 22. Bxg7+ Kxg7 23. Qe5+ Kh6 24. Rd3 Qh4 25. Rf3 Qf6 26. Qf4+ Kg7 27. Qe4 Rad8 28. g4 Rd2+ 29. Kg1 Qd4+ 30. Qxd4+ Nxd4 31. Rf4 Ne2+ 0-1

[Event "*** Titled Tuesday Blitz"]
[Site "Chess.com"]
[Date "2020.02.04"]
[Round "4"]
[White "MikaelyanArman"]
[Black "LiemLe"]
[Result "0-1"]
[WhiteElo "2747"]
[BlackElo "2978"]
[TimeControl "180+2"]
[EndTime "13:50:12 PST"]
[Termination "LiemLe won by resignation"]

1. e4 e5 2. Nf3 Nc6 3. d4 exd4 4.
Nxd4 Nf6 5. Nxc6 bxc6 6. e5 Qe7 7. Qe2 Nd5 8. h4 d6 9. c4 Nb6 10. exd6 cxd6 11. Be3 d5 12. Nd2 Be6 13. c5 Nd7 14. Nb3 Qd8 15. O-O-O Be7 16. Qc2 O-O 17. Bd3 h6 18. f4 Bg4 19. Rde1 a5 20. Nd4 Bxc5 21. Nxc6 Bxe3+ 22. Rxe3 Qb6 23. Rg3 Nf6 24. Kb1 Rfe8 25.
Ne5 h5 26. Bf5 Qd4 27. Bxg4 hxg4 28. Nxg4 Nxg4 29. Rxg4 Rac8 30. Rd1 Qe3 31. Qd2 Qxd2 32. Rxd2 Re1+ 0-1

[Event "*** Titled Tuesday Blitz"]
[Site "Chess.com"]
[Date "2020.02.04"]
[Round "4"]
[White "joshdaruca"]
[Black "GoingKronos"]
[Result "1-0"]
[WhiteElo "2701"]
[BlackElo "2467"]
[TimeControl "180+2"]
[EndTime "13:50:12 PST"]
[Termination "joshdaruca won by checkmate"]

1. e4 e5 2. Nf3 d6 3. d4 exd4 4.
Nxd4 Nf6 5. Nc3 Be7 6. Bf4 O-O 7. Qd2 Nc6 8. Nxc6 bxc6 9. O-O-O Be6 10. f3 Rb8 11. g4 Nd7 12. h4 Ne5 13. Be2 Qc8 14. b3 Qb7 15. h5 Qb4 16. Nb1 Qb6 17. h6 g6 18. Be3 c5 19. Nc3 Bf6 20. g5 Bh8 21. Nd5 Bxd5 22. exd5 Rfe8 23. f4 Nd7 24. Bg4 Re7 25. Rhe1 Rbe8 26. Bxd7 Rxd7 27. Bxc5 Qb8 28. Bd4 f6 29. f5 Rde7 30. Rxe7 Rxe7 31. gxf6 Re4 32.
fxg6 hxg6 33. f7+ Kxf7 34. Qf2+ Kg8 35. Bxh8 Kxh8 36. Qf6+ Kh7 37. Qg7# 1-0

[Event "*** Titled Tuesday Blitz"]
[Site "Chess.com"]
[Date "2020.02.04"]
[Round "4"]
[White "Grandelicious"]
[Black "platy3"]
[Result "1-0"]
[WhiteElo "2691"]
[BlackElo "2879"]
[TimeControl "180+2"]
[EndTime "13:50:20 PST"]
[Termination "Grandelicious won by resignation"]

1. Nf3 Nf6 2. g3 d5 3. Bg2 e6 4. O-O Be7 5. c4 d4 6. d3 O-O 7. e4 c5 8. e5 Nfd7 9. Re1 Nc6 10.
h4 Rb8 11. Bf4 b5 12. b3 bxc4 13. dxc4 h6 14. Nbd2 Nb4 15. Ne4 Bb7 16. Qd2 Re8 17. Bxh6 gxh6 18. Qxh6 Bf8 19. Qh5 Bg7 20. Nfg5 Qe7 21.
Nd6 Bxg2 22. Kxg2 Nxe5 23. Rxe5 Bxe5 24. Ndxf7 Bg7 25. Qg6 Qf6 26. Nh6+ Kf8 27. Nh7+ Ke7 28. Nxf6 Bxf6 29. Qf7+ Kd6 30. Qxf6 Kc6 31. Re1 1-0

[Event "*** Titled Tuesday Blitz"]
[Site "Chess.com"]
[Date "2020.02.04"]
[Round "4"]
[White "hansen"]
[Black "dmosesov"]
[Result "1-0"]
[WhiteElo "2890"]
[BlackElo "2588"]
[TimeControl "180+2"]
[EndTime "13:50:27 PST"]
[Termination "hansen won by resignation"]

1. e4 c5 2. d4 cxd4 3. c3 dxc3 4.
Nxc3 Nc6 5. Nf3 d6 6. Bc4 e6 7. O-O Nf6 8. Qe2 Be7 9. Rd1 e5 10. h3 O-O 11. Bg5 Be6 12. Rac1 Rc8 13. b3 a6 14. Be3 b5 15. Bxe6 fxe6 16. a4 b4 17. Nb1 Nxe4 18. Qxa6 Qd7 19. Rc4 Nf6 20. Rdc1 Nd5 21.
Rxc6 Ra8 22. Qc4 Qe8 23. Nbd2 Kh8 24. Kh1 Qg6 25. Qg4 Qd3 26. Qe4 Qxe4 27. Nxe4 Rad8 28.
Bg5 Bxg5 29. Nfxg5 Nf4 30. Rxd6 Rc8 31. Rxc8 Rxc8 32.
Nxe6 Ne2 33. Rd8+ 1-0

[Event "*** Titled Tuesday Blitz"]
[Site "Chess.com"]
[Date "2020.02.04"]
[Round "4"]
[White "lilleper1"]
[Black "catalin009"]
[Result "1-0"]
[WhiteElo "2688"]
[BlackElo "2451"]
[TimeControl "180+2"]
[EndTime "13:50:29 PST"]
[Termination "lilleper1 won by resignation"]

1. d4 Nf6 2. Nf3 e6 3. c4 b6 4. g3 Ba6 5. Qa4 Bb7 6. Bg2 c5 7. dxc5 bxc5 8. O-O Nc6 9. Nc3 Qb6 10. Rd1 Be7 11. Bf4 Qxb2 12. Nb5 O-O 13. Rab1 Qxe2 14. Nc3 Qxd1+ 15. Qxd1 Ba6 16. Nb5 d5 17. Nc7 Bxc4 18. Nxa8 Rxa8 19. Qa4 Nb4 20. Ne5 Bxa2 21. Rxb4 cxb4 22.
Qxa2 a5 23. Nc6 Bc5 24. Qa4 Nd7 25. Bc7 Rc8 26. Bxa5 b3 27. Bc3 Nb6 28. Qb5 Nc4 29. Qb7 Nd6 30. Qd7 Ra8 31. h4 h5 32. Ne7+ Kf8 33. Nxd5 exd5 34. Bxd5 Ra2 35. Bxb3 Rxf2 36. Bd4 1-0

[Event "*** Titled Tuesday Blitz"]
[Site "Chess.com"]
[Date "2020.02.04"]
[Round "4"]
[White "Barcelona_Guy"]
[Black "TristanCalistri"]
[Result "0-1"]
[WhiteElo "2624"]
[BlackElo "2283"]
[TimeControl "180+2"]
[EndTime "13:50:30 PST"]
[Termination "TristanCalistri won on time"]

1. e4 e5 2. Nf3 d6 3. d4 exd4 4. Nxd4 Nf6 5. Nc3 Be7 6. Be2 O-O 7. Bf4 c6 8. Qd2 Re8 9. O-O-O Bf8 10. f3 b5 11. g4 Bd7 12. Nf5 b4 13. Nb1 d5 14.
e5 Bxf5 15. gxf5 Nfd7 16. Bg5 f6 17. exf6 Nxf6 18. Rhg1 Nbd7 19. Bd3 c5 20. Bb5 Kh8 21. Rg2 Qb6 22. Bxd7 Nxd7 23. Rdg1 Nf6 24. Qf4 Rad8 25. Nd2 c4 26. Qh4 c3 27. Nb3 cxb2+ 28. Kb1 Rd6 29. Nd4 b3 30. cxb3 Qb4 31. Bxf6 Rxf6 32. Rg4 Qd2 33. Ne6 Rc8 34. Nc7 Rxc7 35. Rc4 dxc4 0-1

[Event "*** Titled Tuesday Blitz"]
[Site "Chess.com"]
[Date "2020.02.04"]
[Round "4"]
[White "SuperCheese"]
[Black "Noam_Vitenberg"]
[Result "1-0"]
[WhiteElo "2693"]
[BlackElo "2457"]
[TimeControl "180+2"]
[EndTime "13:50:36 PST"]
[Termination "SuperCheese won by resignation"]

1. d4 d5 2. c4 e6 3. Nf3 Nf6 4. Nc3 Bb4 5. g3 c5 6. Bg2 O-O 7. O-O Nc6 8. dxc5 Bxc5 9. cxd5 exd5 10. a3 Bg4 11. b4 Bb6 12. Bb2 Re8 13. Rc1 Rc8 14.
h3 Bh5 15. Na4 Ne4 16. Nxb6 axb6 17. Nd4 Qg5 18. g4 Bg6 19. f4 Qh6 20. e3 f6 21.
Qf3 Nd2 22. Qxd5+ Bf7 23. Nf5 Nxf1 24. Nxh6+ gxh6 25. Qh5 Nxe3 26. Qxh6 Ne7 27. Rxc8 Rxc8 28. Bxf6 Rc1+ 29. Kf2 N7f5 30. gxf5 Nxf5 31. Qg5+ Bg6 32. Be4 1-0

[Event "*** Titled Tuesday Blitz"]
[Site "Chess.com"]
[Date "2020.02.04"]
[Round "4"]
[White "PowerThinking2650"]
[Black "volcanoexplorer"]
[Result "1-0"]
[WhiteElo "2397"]
[BlackElo "2598"]
[TimeControl "180+2"]
[EndTime "13:50:39 PST"]
[Termination "PowerThinking2650 won by resignation"]

1. e4 e5 2. Nf3 Nc6 3. Nc3 Nf6 4. d4 exd4 5. Nxd4 Nxd4 6. Qxd4 d6 7. Bf4 Be7 8. O-O-O O-O 9. f3 Be6 10. g4 Nd7 11. Qd2 Nb6 12. h4 a5 13. g5 a4 14. a3 f6 15. gxf6 Bxf6 16. Bg5 Rf7 17. f4 h6 18. Bd3 hxg5 19. hxg5 Bxc3 20. Qh2 Kf8 21. bxc3 Ke7 22. f5 Bc4 23. g6 Rf6 24.
e5 dxe5 25. Qxe5+ Be6 26. Rh7 Qg8 27. fxe6 Rxe6 28. Qxc7+ Nd7 29. Bc4 Rc6 30. Qxd7+ Kf6 31. Bxg8 1-0

[Event "*** Titled Tuesday Blitz"]
[Site "Chess.com"]
[Date "2020.02.04"]
[Round "4"]
[White "albano87"]
[Black "Sanyura"]
[Result "0-1"]
[WhiteElo "1919"]
[BlackElo "2495"]
[TimeControl "180+2"]
[EndTime "13:50:45 PST"]
[Termination "Sanyura won by resignation"]

1. d4 Nf6 2. Nf3 g6 3. g3 Bg7 4.
Bg2 O-O 5. O-O d6 6. a4 Nbd7 7. Re1 e5 8. e4 exd4 9. Nxd4 Re8 10. Nc3 Nc5 11. h3 Bd7 12. Bf4 Nh5 13. Be3 Nf6 14.
Bf4 h5 15. Qd2 Qc8 16. Kh2 a6 17. Bh6 Bh8 18. Rad1 Rb8 19. b3 b5 20. axb5 axb5 21. Nd5 Nfxe4 22. Qf4 Be5 23. Qh4 Nxf2 24. Ne7+ Rxe7 25.
Qxe7 Bxh3 26. Rxe5 dxe5 27. Nc6 Ng4+ 28. Kg1 Qe8 29.
Bxh3 Nxh6 30. Qg5 Qxc6 31. Qxh6 Qf3 32. Rf1 Qxg3+ 33. Bg2 Ne6 34. Qd2 Nf4 35. Rf3 Qxg2+ 36. Qxg2 Nxg2 0-1

[Event "*** Titled Tuesday Blitz"]
[Site "Chess.com"]
[Date "2020.02.04"]
[Round "4"]
[White "WelshTiger"]
[Black "Walter_White_Poland"]
[Result "1-0"]
[WhiteElo "2333"]
[BlackElo "2234"]
[TimeControl "180+2"]
[EndTime "13:50:47 PST"]
[Termination "WelshTiger won on time"]

1. e4 e5 2. Nf3 Nc6 3. Nc3 Nf6 4. d4 exd4 5. Nxd4 Bb4 6. Nxc6 bxc6 7. Bd3 d5 8. exd5 O-O 9. O-O cxd5 10. h3 Be6 11.
Ne2 c5 12. c3 Ba5 13. Nf4 c4 14. Bc2 Bb6 15. Re1 Qd7 16. Be3 Bf5 17. Ba4 Qd6 18.
Nh5 Bd3 19. Nxf6+ Qxf6 20. Bc2 Bxc2 21. Qxc2 Rfe8 22. Qd2 Bxe3 23. Rxe3 Rxe3 24. Qxe3 Qb6 25.
Re1 g6 26. Qd2 Rb8 27. Re2 Rd8 28. Re7 a5 29. Qf4 Rf8 30. Qd2 Kg7 31. h4 Qd6 32. Re3 Rb8 33. h5 1-0

[Event "*** Titled Tuesday Blitz"]
[Site "Chess.com"]
[Date "2020.02.04"]
[Round "4"]
[White "IakovUlivar"]
[Black "AndrewDGreen"]
[Result "1-0"]
[WhiteElo "2438"]
[BlackElo "2214"]
[TimeControl "180+2"]
[EndTime "13:50:48 PST"]
[Termination "IakovUlivar won on time"]

1. d4 Nf6 2. c4 g6 3. Nc3 Bg7 4. e4 d6 5. Be2 O-O 6. Be3 c5 7. Nf3 Ng4 8. Bc1 cxd4 9. Nxd4 Qb6 10.
Bxg4 Bxd4 11. O-O Bxc3 12. bxc3 Bxg4 13. Qxg4 Nc6 14. Be3 Qa5 15. f4 Qxc3 16. Rae1 Qxc4 17. f5 Ne5 18. Qh4 f6 19. fxg6 hxg6 20. Bf4 Rf7 21.
Qg3 Rg7 22. Bh6 Rh7 23. Bf4 Qxa2 24. Rf2 Qf7 25. Rc1 a5 26. Rb2 a4 27. Rxb7 a3 28. Be3 a2 29. Bd4 Rg7 30. Ba1 Nc4 31.
Qb3 Nd2 32. Qd3 Nxe4 33. Qxe4 d5 34. Qb4 Qe6 35. Re1 Qc6 36. Rbxe7 1-0

[Event "*** Titled Tuesday Blitz"]
[Site "Chess.com"]
[Date "2020.02.04"]
[Round "4"]
[White "vlad_Sid"]
[Black "WPWPWP-2015"]
[Result "1-0"]
[WhiteElo "2731"]
[BlackElo "2521"]
[TimeControl "180+2"]
[EndTime "13:50:50 PST"]
[Termination "vlad_Sid won by resignation"]

1. c4 e5 2. g3 Nf6 3. Bg2 d5 4. cxd5 Nxd5 5. Nc3 Nb6 6. Nf3 Nc6 7. O-O Be7 8. d3 O-O 9. Be3 Be6 10. a3 f6 11. Rc1 Nd5 12. Nxd5 Bxd5 13. Bc5 Bd6 14. b4 a6 15. Qd2 Kh8 16. Rfd1 Qe7 17.
e4 Bb3 18. Re1 Rad8 19. Qc3 Be6 20. Be3 a5 21. b5 Nd4 22. Nxd4 exd4 23. Bxd4 Bxa3 24.
Bc5 Bxc5 25. Qxc5 Qxc5 26. Rxc5 Rf7 27. Rc3 a4 28. Ra1 Bb3 29. d4 Re7 30. d5 Kg8 31.
Rac1 Ra8 32. Bh3 Rxe4 33. Rxc7 Bxd5 34. Bg2 Re5 35. f4 Rh5 36. g4 Bxg2 37. gxh5 Bh3 38. Rxb7 a3 39. Ra1 Bc8 40. Rc7 Be6 41. b6 a2 42. f5 Bd5 43. b7 Rf8 44. Rxa2 Bxa2 45.
Rc8 Bd5 46. Rxf8+ Kxf8 47. b8=Q+ Kf7 48. Qc7+ 1-0